 Dungeon Crawl Stone Soup version 0.24-a0-479-g9a978d2 (webtiles) character file.

Game seed: 15550532240774497166

6980 robbits the Blocker (level 11, 0/86 HPs)
             Began as a Formicid Fighter on July 8, 2019.
             Was a Believer of Uskayaw.
             Slain by a manticore (6 damage)
             ... on level 9 of the Dungeon.
             The game lasted 00:13:38 (8076 turns).

robbits the Blocker (Formicid Fighter)              Turns: 8076, Time: 00:13:38

Health: 0/86       AC: 15    Str: 29    XL:     11   Next: 28%
Magic:  14/14      EV: 10    Int:  8    God:    Uskayaw [**....]
Gold:   398        SH: 14    Dex: 10    Spells: 10/10 levels left

rFire    . . .     SeeInvis +   a - +1 war axe
rCold    . . .     Gourm    +   F - +1 shield {AC+3}
rNeg     . . .     Faith    .   b - +0 scale mail
rPois    .         Spirit   .   (helmet unavailable)
rElec    .         Reflect  .   w - +1 cloak
rCorr    .         Harm     .   (no gloves)
MR       +....                  m - +1 pair of boots (curse)
Stlth    ..........             t - amulet of the gourmand
HPRegen  0.24/turn              p - +5 ring of strength
MPRegen  0.14/turn              (no ring)

@: no status effects
A: permanent stasis, dig shafts and tunnels, four strong arms, antennae 3
a: Dig, Shaft Self, Stomp, Line Pass, Renounce Religion


You were on level 9 of the Dungeon.
You worshipped Uskayaw.
Uskayaw was noncommittal.
You were full.

You visited 2 branches of the dungeon, and saw 10 of its levels.

You collected 398 gold pieces.

Inventory:

Hand Weapons
 a - a +1 war axe (weapon)
 v - a +0 giant spiked club
 B - a +1 falchion of flaming
Armour
 b - a +0 scale mail (worn)
 m - a cursed +1 pair of boots (worn)
 w - a +1 cloak (worn)
 F - a +1 shield of protection (worn)
Jewellery
 p - a +5 ring of strength (left hand)
 t - an amulet of the gourmand (around neck)
Wands
 r - a wand of random effects (14)
 s - a wand of flame (12)
 E - a wand of scattershot (4)
Scrolls
 d - 2 scrolls of amnesia
 e - a scroll of fog {unknown}
 g - 2 scrolls of magic mapping
 h - a scroll of blinking {unknown}
 i - 2 scrolls of identify
 k - 2 scrolls of enchant weapon
 l - 6 scrolls of teleportation {unknown}
 n - 4 scrolls of remove curse {unknown}
 o - a scroll of fear {unknown}
 y - 2 scrolls of immolation {unknown}
 A - a scroll of random uselessness {unknown}
Potions
 j - 2 potions of flight
 q - 2 potions of ambrosia
 u - a potion of lignification
 x - a potion of heal wounds
 z - a potion of cancellation
 C - a potion of brilliance {unknown}
 D - 2 potions of agility
Comestibles
 f - 23 rations


   Skills:
 + Level 8.1 Fighting
 * Level 9.9 Axes
 + Level 8.1 Armour
 - Level 11.0 Shields
 * Level 4.9 Invocations


You had 10 spell levels left.
You didn't know any spells.
Your spell library contained the following spells:

 Spells                   Type           Power        Failure   Level  Hunger
 Magic Dart               Conj           #...         63%         1    ##.....
 Searing Ray              Conj           #.....       77%         2    ###....
 Dazzling Spray           Conj/Hex       #.....       94%         3    ####...
 Force Lance              Conj/Tloc      #.......     100%        4    #####..
 Fulminant Prism          Conj/Hex       #.........   100%        4    #####..
 Iskenderun's Mystic Bla  Conj           #.......     100%        4    #####..


Dungeon Overview and Level Annotations

Branches:
Dungeon (9/15)             Temple (1/1) D:6
   Lair: D:8-11         Orc: D:9-12

Altars:
Ashenzari
Cheibriados
Dithmenos
Elyvilon
Fedhas
Gozag
Hepliaklqana
Kikubaaqudgha
Makhleb
Okawaru
Qazlal
Ru
Sif Muna
Trog
Uskayaw
Vehumet
Wu Jian
Xom
Yredelemnul
Zin
The Shining One


Innate Abilities, Weirdness & Mutations

You cannot be hasted, slowed, berserked, paralysed or teleported.
You can dig through walls and to a lower floor.
Your four strong arms can wield two-handed weapons with a shield.
You have a pair of large antennae on your head. (SInv)


Message History

The manticore bites you.
* * * LOW HITPOINT WARNING * * *
The manticore claws you but does no damage.
The manticore claws you.
* * * LOW HITPOINT WARNING * * *
You slash the manticore!
The manticore is almost dead.
You block the manticore's attack. The manticore claws you.
* * * LOW HITPOINT WARNING * * *
You block the manticore's attack.
You barely miss the manticore.
The manticore is severely wounded.
You block the manticore's attack.
The manticore claws you but does no damage.
The manticore claws you!
* * * LOW HITPOINT WARNING * * *
You barely miss the manticore.
The manticore is severely wounded.
The manticore bites you.
You die...

...#}...............
...######....#....#####
......................:#
...............##......#
.)[............##......#
.#.....................#
..÷#.........#....#....#
...#.........#..........
)..#.........#..@...##.
...#.........#...H..#
...#[........#).........
...######....######....#
............... .....
............... ....
÷..........##.. ...
.........#.# ...
...##..### #


You could see a manticore.

Vanquished Creatures
  A centaur warrior (D:8)
  A two-headed ogre (D:9)
  An unseen horror (D:8)
  An ugly thing (D:9)
  2 hippogriffs
  A spriggan (D:7)
  5 yaks (D:9)
  A wyvern (D:8)
  Sigmund (D:5)
  A shadow (D:9)
  A vampire mosquito (D:8)
  A water moccasin (D:9)
  2 ice beasts
  A sky beast (D:7)
  A black bear (D:7)
  A phantom (D:8)
  An orc warrior (D:7)
  4 ogres
  A necrophage (D:6)
  2 centaurs (D:9)
  3 bullfrogs
  A wyvern zombie (D:8)
  A gnoll sergeant (D:8)
  2 scorpions
  4 wights (D:8)
  3 crimson imps
  A bullfrog zombie (D:5)
  4 centaur zombies
  A howler monkey (D:9)
  2 hounds (D:7)
  4 orc priests
  A jelly (D:7)
  4 iguanas
  2 orc wizards
  Natasha (twice) (D:2)
  5 worker ants
  Terence (D:2)
  A hound zombie (D:5)
  2 hound skeletons
  A worker ant zombie (D:6)
  Robin (D:2)
  4 gnolls (D:8)
  13 adders
  5 shadow imps
  2 oozes
  2 adder skeletons
  5 worms
  3 dart slugs
  31 orcs
  A ball python (D:2)
  A bat skeleton (D:2)
  2 bat zombies (D:2)
  4 giant cockroaches
  11 goblins
  11 hobgoblins
  12 jackals
  8 kobolds
  4 quokkas
  4 bats
  5 frilled lizards
  10 rats
214 creatures vanquished.

Notes
Turn   | Place    | Note
-------+----------+-------------------------------------------
     0 | D:1      | robbits the Formicid Fighter began the quest for the Orb.
     0 | D:1      | Reached XP level 1. HP: 18/18 MP: 1/1
    83 | D:1      | Reached XP level 2. HP: 23/24 MP: 2/2
   208 | D:1      | Reached skill level 4 in Shields
   344 | D:1      | Reached XP level 3. HP: 19/29 MP: 3/3
   602 | D:2      | Noticed Natasha
   607 | D:2      | Killed Natasha
   633 | D:2      | Reached XP level 4. HP: 32/36 MP: 4/4
   829 | D:2      | Noticed Terence
   849 | D:2      | Noticed Robin
   851 | D:2      | Killed Terence
   851 | D:2      | Reached XP level 5. HP: 3/42 MP: 5/5
  1127 | D:2      | Killed Robin
  1285 | D:2      | Found a blossoming altar of Fedhas.
  1368 | D:2      | Reached skill level 5 in Shields
  1517 | D:2      | Noticed Natasha
  1522 | D:2      | Killed Natasha
  1522 | D:2      | Reached XP level 6. HP: 45/48 MP: 6/6
  1715 | D:3      | Found a shimmering altar of Xom.
  2666 | D:4      | Found a basalt altar of Yredelemnul.
  2691 | D:4      | Reached XP level 7. HP: 39/55 MP: 7/7
  2806 | D:4      | Reached skill level 6 in Shields
  3113 | D:4      | Found a white marble altar of Elyvilon.
  3210 | D:5      | Entered Level 5 of the Dungeon
  3503 | D:5      | Reached skill level 5 in Axes
  3532 | D:5      | Found a stormy altar of Qazlal.
  3535 | D:5      | Found a deep blue altar of Sif Muna.
  3537 | D:5      | Found a shattered altar of Ashenzari.
  3538 | D:5      | Noticed Sigmund
  3539 | D:5      | Found a glowing golden altar of the Shining One.
  3542 | D:5      | Killed Sigmund
  3542 | D:5      | Reached skill level 5 in Fighting
  3542 | D:5      | Reached skill level 7 in Shields
  3542 | D:5      | Reached XP level 8. HP: 59/62 MP: 8/8
  3544 | D:5      | Found a radiant altar of Vehumet.
  3644 | D:5      | Found an ornate altar of the Wu Jian Council.
  3658 | D:6      | Found a staircase to the Ecumenical Temple.
  3664 | Temple   | Entered the Ecumenical Temple
  3981 | D:6      | Reached skill level 5 in Armour
  4514 | D:7      | Noticed a hippogriff
  4524 | D:7      | Killed a hippogriff
  4670 | D:7      | Reached skill level 8 in Shields
  4679 | D:7      | Reached XP level 9. HP: 40/69 MP: 9/9
  5736 | D:7      | Reached skill level 9 in Shields
  6151 | D:8      | Noticed an unseen horror
  6162 | D:8      | Noticed a centaur warrior
  6169 | D:8      | Killed a centaur warrior
  6169 | D:8      | Reached XP level 10. HP: 35/77 MP: 10/10
  6174 | D:8      | Killed an unseen horror
  6174 | D:8      | Reached skill level 10 in Shields
  6904 | D:8      | Found a hide-covered altar of Uskayaw.
  6923 | D:8      | Became a worshipper of Uskayaw the Reveler
  6967 | D:8      | Found a hazy altar of Hepliaklqana.
  7088 | D:9      | Reached * piety under Uskayaw
  7092 | D:9      | Reached ** piety under Uskayaw
  7105 | D:9      | Reached *** piety under Uskayaw
  7106 | D:9      | Reached skill level 11 in Shields
  7106 | D:9      | Reached **** piety under Uskayaw
  7113 | D:9      | Reached ***** piety under Uskayaw
  7119 | D:9      | Noticed a two-headed ogre
  7124 | D:9      | Reached skill level 1 in Invocations
  7340 | D:9      | Noticed a purple ugly thing
  7344 | D:9      | Killed a two-headed ogre
  7344 | D:9      | Reached XP level 11. HP: 52/85 MP: 10/12
  7353 | D:9      | Killed a purple ugly thing
  8054 | D:9      | Noticed a manticore
  8076 | D:9      | Slain by a manticore

Levels and vault maps discovered:
D:1:      moated_graveyard_arrival, layout_rooms, minmay_tetromino_i4
D:2:      minmay_chambers_of_twos, layout_basic, fedhas_altar_4, serial_undead,
          serial_undead_b, serial_undead_a, serial_undead_f, serial_undead_f,
          uniq_natasha, uniq_robin, uniq_terence
D:3:      minmay_angry_zag, layout_loops_ring, lemuel_crystal_altar,
          first_ration, minmay_distorted
D:4:      layout_basic, elyvilon_altar_4, yredelemnul_altar_generic
D:5:      layout_basic, nicolae_overflow_hidden_temple,
          grunt_temple_overflow_open, minmay_large_rounded_square,
          corexii_shack, hex_medium, uniq_sigmund
D:6:      layout_loops_cross, temple_fountains
D:7:      layout_basic, the_bakery, grunt_ministairs_4
D:8:      cheibrodos_fzero, layout_loops_ring, kennysheep_little_box,
          kennysheep_mini_moat
D:9:      minmay_cut_squares, layout_cave_pools, marbit_many_paths
Temple:   compressed_dpeg_triangle_lava_temple

Skill      XL: |  1  2  3  4  5  6  7  8  9 10 11 |
---------------+----------------------------------+-----
Shields        | 4 5 7 8 9 11 | 11.0
Axes           | 3 4 5 6 7 9 |  9.9
Fighting       | 4 5 6 7 8 |  8.1
Armour         | 4 5 6 7 8 |  8.1
Invocations    | 2 4 |  4.9

Action                   |  1- 3 |  4- 6 |  7- 9 | 10-12 || total
-------------------------+-------+-------+-------+-------++-------
Melee: War axe           |    56 |   227 |   272 |   193 ||   748
Invok: Stomp             |       |       |       |     2 ||     2
  Use: Potion            |       |     4 |       |     1 ||     5
       Scroll            |       |     5 |       |     4 ||     9
 Stab: Paralysed         |       |       |       |     9 ||     9
  Eat: Chunk             |       |     6 |     5 |    11 ||    22
       Ration            |       |       |     2 |       ||     2
Armor: Scale mail        |    51 |    87 |   100 |    62 ||   300
Dodge: Dodged            |    31 |    80 |    90 |    63 ||   264
Block: Shield            |    46 |   150 |   170 |   108 ||   474

Table legend:
 A = Non-vault XP
 B = Vault XP
 C = Vault XP percentage of total XP
 D = Non-vault monster count
 E = Vault monster count
 F = Vault count percentage of total count
                 A         B        C        D         E       F
            +---------+---------+-------+---------+---------+-------
      Total |    5081 |    4891 |  49.0 |     153 |      61 |  28.5
            +---------+---------+-------+---------+---------+-------
        D:1 |      28 |       2 |   6.7 |      14 |       2 |  12.5
        D:2 |      83 |     180 |  68.4 |      16 |      26 |  61.9
        D:3 |     186 |      27 |  12.7 |      25 |       8 |  24.2
        D:4 |      92 |       0 |   0.0 |      10 |       0 |   0.0
        D:5 |     343 |     209 |  37.9 |      12 |       2 |  14.3
        D:6 |     262 |       0 |   0.0 |      12 |       0 |   0.0
        D:7 |    1233 |     257 |  17.2 |      26 |       2 |   7.1
        D:8 |    1106 |    2389 |  68.4 |      17 |      15 |  46.9
        D:9 |    1748 |    1827 |  51.1 |      21 |       6 |  22.2
            +---------+---------+-------+---------+---------+-------
